Map: Hardwire LE

Players

RagnaroK (SHIN)

  • Race: Zerg Zerg
  • League: Master

ByuN - Winner!

  • Race: Terran Terran

Event: TSL 8

VOD

Have the link to the VOD?

Description

Time

  • Played on: Dec. 11, 2021, 6:20 a.m.
  • Length: 13:30

All games in this series

Show
View Real Time Build Order
Export as new Build Order

RagnaroK Zerg 

Build Orders: Hatch First 

Get SALT Encoding   

  12  0:00  Drone  
  13  0:12  Overlord  
  13  0:16  Drone  
  14  0:31  Drone x2  
  16  0:36  Drone  
  17  0:52  Hatchery  
  17  0:56  Drone  
  17  0:59  Drone  
  18  1:13  Spawning Pool  
  18  1:15  Drone  
  18  1:20  Drone  
  19  1:27  Extractor  
  19  1:29  Drone  
  19  1:39  Drone  
  20  1:49  Drone  
  21  2:00  Zergling x2  
  22  2:04  Queen  
  22  2:05  Zergling x2  
  22  2:06  Queen  
  27  2:13  Overlord  
  27  2:15  Drone  
  28  2:22  Hatchery  
  27  2:25  Drone  
  28  2:34  Drone  
  28  2:35  Drone  
  28  2:37  Drone  
  31  2:46  Queen  
  31  2:47  Metabolic Boost  
  31  2:51  Overlord  
  33  2:55  Drone  
  33  2:58  Drone x2  
  36  3:08  Overlord  
  36  3:10  Drone  
  37  3:15  Drone x3  
  37  3:19  Drone x2  
  42  3:23  Queen  
  44  3:28  Drone  
  44  3:32  Overlord  
  44  3:34  Queen  
  45  3:35  Drone  
  45  3:38  Drone  
  49  3:44  Drone  
  50  3:50  Zergling x4  
  50  3:53  Overlord  
  50  3:54  Drone x2  
  50  3:55  Drone  
  55  3:56  Drone  
  55  3:59  Queen  
  55  4:01  Drone x3  
  61  4:04  Drone  
  62  4:12  Drone x2  
  62  4:14  Queen  
  62  4:17  Overlord  
  66  4:20  Overlord  
  66  4:23  Overlord  
  66  4:26  Overlord  
  66  4:29  Lair  
  66  4:31  Spore Crawler  
  65  4:32  Spore Crawler x2  
  65  4:34  Drone  
  65  4:35  Drone x2  
  66  4:41  Queen, Spore Crawler  
  66  4:42  Drone  
  68  4:46  Drone x3  
  68  4:50  Queen  
  68  4:52  Drone  
  74  4:53  Drone  
  74  4:54  Drone  
  74  4:55  Drone  
  74  4:56  Drone  
  74  4:57  Drone  
  79  5:02  Zergling x6  
  79  5:05  Drone  
  79  5:06  Drone  
  84  5:07  Drone  
  84  5:08  Drone x2  
  84  5:10  Extractor  
  84  5:11  Baneling Nest, Extractor  
  84  5:13  Drone x2  
  86  5:19  Drone x2  
  86  5:20  Drone x2, Evolution Chamber  
  89  5:21  Evolution Chamber  
  89  5:22  Drone  
  89  5:26  Zergling x6  
  89  5:28  Overseer  
  92  5:32  Drone x2  
  92  5:33  Extractor  
  93  5:40  Zergling x6  
  96  5:46  Zergling x2  
  96  5:47  Hatchery, Zerg Melee Weapons Level 1  
  96  5:48  Zerg Ground Armor Level 1  
  96  5:49  Overlord  
  97  5:50  Zergling x4  
  97  5:59  Overlord  
  97  6:05  Overlord  
  97  6:06  Centrifugal Hooks  
  97  6:07  Zergling x10  
  102  6:12  Drone x4  
  102  6:13  Hatchery  
  105  6:20  Zergling x2  
  105  6:21  Zergling x2  
  105  6:23  Baneling  
  105  6:24  Baneling x6  
  107  6:26  Zergling x14  
  107  6:32  Drone  
  114  6:33  Overlord  
  114  6:36  Overlord  
  114  6:37  Drone x2  
  114  6:38  Drone  
  117  6:42  Zergling x2  
  117  6:43  Baneling x2  
  117  6:44  Drone, Baneling x3  
  119  6:48  Drone  
  119  6:52  Zergling x8  
  119  6:53  Baneling x4  
  124  6:56  Drone x3  
  124  7:00  Drone x3  
  130  7:03  Overlord  
  127  7:09  Zergling x2, Baneling x2  
  127  7:10  Baneling x6  
  127  7:11  Zergling x8  
  127  7:12  Zergling x2  
  129  7:17  Zergling x2  
  129  7:19  Zergling x2  
  129  7:22  Zergling x10  
  122  7:25  Zergling x2  
  122  7:26  Zergling x2  
  117  7:30  Baneling x3  
  117  7:33  Zergling x14  
  117  7:35  Zergling x4  
  117  7:36  Zergling x2  
  127  7:38  Baneling x8, Zergling x2  
  123  7:48  Zergling x4  
  123  7:49  Zergling x8  
  123  7:50  Zergling x2  
  122  7:51  Baneling x3  
  122  7:52  Baneling x4  
  122  7:53  Drone  
  122  7:56  Zergling x2  
  122  7:57  Zergling x4, Zerg Melee Weapons Level 2  
  126  7:59  Drone x2  
  126  8:00  Extractor  
  126  8:01  Extractor  
  126  8:02  Drone x3  
  126  8:04  Zergling x4  
  126  8:05  Zergling x2  
  132  8:07  Zergling x6  
  132  8:08  Zergling x2  
  132  8:09  Baneling  
  132  8:10  Baneling  
  132  8:12  Zergling x4  
  133  8:13  Zergling x2  
  133  8:17  Zergling x2  
  133  8:19  Baneling x6  
  134  8:20  Hatchery, Zergling x6  
  134  8:21  Zergling x2  
  134  8:25  Overlord x2  
  136  8:27  Extractor, Overlord x2  
  136  8:29  Overlord x2  
  136  8:30  Overlord  
  136  8:31  Overlord  
  130  8:34  Zergling x6  
  130  8:35  Zergling x4  
  130  8:37  Zergling x4  
  130  8:39  Overlord  
  130  8:40  Drone  
  133  8:42  Zerg Ground Armor Level 2  
  133  8:46  Zergling x6  
  133  8:47  Zergling x2  
  129  8:48  Zergling x4  
  129  8:49  Queen x3  
  129  8:51  Zergling x2  
  129  8:52  Baneling x4  
  129  8:53  Baneling x2, Zergling x4  
  139  8:56  Zergling x2  
  139  8:57  Zergling x6  
  139  8:58  Zergling x2  
  139  9:00  Baneling x3  
  139  9:01  Baneling  
  142  9:02  Zergling x2  
  142  9:03  Zergling x2  
  142  9:04  Zergling x2  
  134  9:10  Zergling x2  
  134  9:11  Zergling x2  
  134  9:13  Zergling x10  
  134  9:15  Zergling x8  
  131  9:20  Hydralisk Den, Zergling x4  
  131  9:22  Zergling x4  
  131  9:23  Baneling x3  
  131  9:24  Baneling x2  
  134  9:25  Zergling x4  
  134  9:27  Zergling x4  
  134  9:30  Drone  
  139  9:32  Drone  
  139  9:33  Drone  
  139  9:35  Drone, Baneling x5  
  139  9:36  Zergling x2  
  139  9:37  Zergling x2  
  144  9:40  Zergling x2  
  144  9:41  Zergling x4  
  144  9:43  Zergling x6  
  150  9:51  Hatchery  
  146  9:53  Infestation Pit  
  146  9:55  Drone x9  
  146  9:56  Spore Crawler  
  146  9:58  Zergling x4  
  149  10:00  Baneling x5  
  149  10:01  Baneling x2, Muscular Augments  
  149  10:02  Zergling x6  
  149  10:06  Zergling x6  
  155  10:12  Zergling x6  
  155  10:13  Zergling x8  
  159  10:19  Zergling x14  
  163  10:22  Hydralisk  
  163  10:23  Zergling x6  
  163  10:28  Zergling x4  
  167  10:32  Zergling x6, Spore Crawler  
  167  10:33  Zergling x2  
  165  10:39  Hydralisk, Zergling x2  
  165  10:42  Zergling x6  
  165  10:43  Hive  
  165  10:47  Zergling x6  
  165  10:49  Hydralisk  
  168  10:50  Zergling x16  
  168  10:56  Drone  
  168  10:57  Drone x2  
  149  10:59  Drone x6  
  151  11:04  Hydralisk  
  151  11:06  Hydralisk  
  151  11:07  Hydralisk  
  151  11:10  Zergling x6  
  155  11:13  Hydralisk  
  155  11:15  Baneling x11  
  155  11:16  Baneling x6, Zergling x4  
  155  11:17  Zergling x6  
  160  11:19  Zergling x4  
  160  11:21  Zergling x4  
  160  11:22  Zergling x4  
  160  11:23  Zergling x2  
  164  11:26  Zergling x4  
  164  11:29  Zergling x2  
  146  11:33  Zergling x6  
  146  11:35  Zergling x2  
  146  11:36  Zergling x2  
  146  11:38  Drone x2  
  146  11:39  Drone x2  
  137  11:42  Zergling x4  
  137  11:43  Drone  
  137  11:46  Drone x2  
  134  11:48  Drone x3  
  134  11:49  Hydralisk  
  134  11:50  Lurker Den  
  134  11:53  Hydralisk x2  
  137  11:55  Zergling x2  
  137  11:58  Hydralisk  
  137  11:59  Hydralisk, Zergling x2  
  137  12:00  Zergling x6  
  146  12:03  Baneling x4  
  146  12:05  Extractor  
  146  12:06  Grooved Spines  
  145  12:09  Zergling x8  
  143  12:15  Zergling x2  
  143  12:16  Zergling x14  
  146  12:23  Zergling x8  
  146  12:25  Viper  
  146  12:26  Zergling x2  
  154  12:30  Zergling x6  
  154  12:32  Zergling x2  
  154  12:33  Zergling x2  
  154  12:35  Drone x2, Lurker Den  
  156  12:39  Zergling x10  
  156  12:42  Zergling x2  
  160  12:45  Zergling x10  
  160  12:48  Zergling x2  
  160  12:49  Baneling x12  
  160  12:50  Zergling x4  
  166  12:52  Zergling x2  
  166  12:54  Zergling x4  
  163  13:02  Zergling x8  
Show
View Real Time Build Order
Export as new Build Order

ByuN Terran - Winner!

Build Orders: Reaper Expand, Hellion Banshee 

Get SALT Encoding   

  12  0:00  SCV  
  13  0:12  SCV  
  14  0:17  Supply Depot  
  14  0:24  SCV  
  15  0:38  SCV  
  15  0:39  Barracks  
  16  0:43  Refinery  
  16  0:50  SCV  
  17  1:03  SCV  
  18  1:15  SCV  
  19  1:26  Reaper  
  19  1:27  Orbital Command  
  20  1:38  Command Center  
  20  1:47  Supply Depot  
  20  1:53  SCV  
  21  1:57  Marine  
  22  2:05  SCV  
  23  2:11  Factory  
  23  2:17  SCV  
  23  2:19  Barracks Reactor  
  24  2:29  SCV  
  25  2:41  SCV, Command Center  
  26  2:50  Orbital Command  
  26  2:53  SCV  
  26  2:57  Starport  
  27  3:02  Refinery  
  28  3:05  SCV  
  28  3:13  Hellion x2, Barracks Tech Lab  
  28  3:16  SCV  
  28  3:17  SCV  
  34  3:28  SCV  
  34  3:29  SCV  
  36  3:34  Hellion x2  
  36  3:40  SCV  
  41  3:41  Banshee  
  41  3:42  SCV  
  41  3:45  Marine  
  46  3:52  SCV  
  46  3:53  Orbital Command  
  46  3:54  SCV  
  48  4:01  Hellion x2  
  52  4:04  Barracks Tech Lab  
  52  4:05  SCV  
  52  4:06  SCV  
  54  4:13  Supply Depot  
  54  4:17  SCV  
  54  4:19  SCV  
  54  4:20  SCV  
  54  4:23  Marine  
  54  4:24  Stimpack  
  58  4:30  Factory Reactor  
  58  4:31  SCV  
  58  4:32  Barracks  
  58  4:33  SCV  
  58  4:34  SCV, Starport Reactor, Barracks  
  58  4:36  Supply Depot  
  61  4:41  Refinery, Marine  
  61  4:42  Refinery  
  61  4:43  SCV  
  61  4:45  SCV  
  64  4:46  SCV  
  64  4:48  Engineering Bay  
  64  4:51  Engineering Bay  
  65  4:57  SCV x2  
  65  4:59  Marine  
  67  5:09  SCV  
  67  5:10  Orbital Command  
  67  5:12  SCV  
  68  5:17  Marine  
  69  5:21  SCV  
  69  5:22  Terran Infantry Weapons Level 1, Terran Infantry Armor Level 1  
  69  5:23  Barracks  
  69  5:24  SCV, Barracks  
  69  5:28  Supply Depot  
  71  5:29  Marine x3  
  71  5:30  Marine  
  71  5:31  Medivac  
  77  5:40  SCV x2, Siege Tank  
  77  5:41  SCV  
  77  5:42  Supply Depot  
  83  5:47  Marine  
  83  5:48  Marine  
  83  5:49  Marine x2  
  87  5:52  Supply Depot  
  87  5:54  SCV x2  
  87  5:55  Supply Depot, SCV  
  90  5:58  Supply Depot  
  90  6:03  Medivac, Combat Shield  
  92  6:05  Medivac  
  92  6:08  SCV x2  
  92  6:10  SCV  
  97  6:12  Barracks Reactor x2, Siege Tank  
  97  6:16  Marine  
  97  6:17  Marine x4  
  105  6:22  Supply Depot  
  105  6:25  Supply Depot  
  106  6:27  SCV x3  
  106  6:32  Factory  
  108  6:39  SCV x3  
  111  6:41  Marine x4  
  111  6:42  Marine  
  111  6:44  Siege Tank  
  119  6:48  Refinery x2  
  119  6:51  SCV x3  
  119  6:52  Marine x3  
  119  6:53  Marine  
  126  6:54  Medivac  
  126  6:58  Medivac  
  130  7:08  Marine x5  
  129  7:10  Marine x3  
  129  7:13  SCV x2  
  131  7:16  SCV  
  130  7:25  SCV  
  130  7:27  Marine x2  
  130  7:28  Marine x3  
  130  7:29  Marine x4  
  140  7:34  Factory Tech Lab  
  140  7:35  Supply Depot  
  140  7:40  Armory  
  140  7:45  Marine  
  140  7:46  Marine x2  
  140  7:47  Siege Tank  
  140  7:50  Marine  
  141  7:56  Siege Tank, Marine x3  
  147  8:04  Supply Depot  
  147  8:06  Command Center  
  147  8:11  Marine  
  148  8:12  Marine  
  148  8:13  Marine x2  
  148  8:14  Marine  
  149  8:23  Medivac x2, Marine x3  
  149  8:26  Siege Tank  
  159  8:27  Marine  
  159  8:29  Siege Tank  
  159  8:33  Marine x5  
  156  8:41  Terran Infantry Weapons Level 2, Terran Infantry Armor Level 2, Marine x2  
  156  8:56  Barracks x2  
  156  8:57  Barracks  
  156  8:58  Siege Tank  
  156  9:01  Siege Tank  
  162  9:06  Marine x5  
  163  9:11  Marine x2  
  163  9:15  Marine  
  163  9:16  Marine  
  162  9:23  Marine  
  162  9:24  Marine x4  
  161  9:29  Marine x2  
  161  9:30  Siege Tank  
  170  9:33  Siege Tank, Marine  
  170  9:37  Marine  
  173  9:41  Marine  
  173  9:42  Marine x4  
  173  9:44  Medivac  
  179  9:47  Barracks Tech Lab x3  
  179  9:48  Planetary Fortress  
  179  9:50  SCV  
  180  10:19  Supply Depot  
  180  10:20  Supply Depot  
  180  10:23  Marauder x2, SCV, Siege Tank  
  188  10:30  SCV  
  188  10:32  Marauder  
  187  10:39  Marauder, Marine x2  
  187  10:40  Medivac, Siege Tank, Marine x4  
  187  10:41  Marine x2  
  194  10:44  Marauder x2  
  194  10:48  Medivac  
  200  10:55  Siege Tank  
  177  10:59  Marauder, Marine x4  
  177  11:00  Marauder, Marine x3  
  177  11:06  Marauder x2  
  179  11:12  Siege Tank  
  182  11:20  Marauder, Marine x6  
  182  11:22  Marauder  
  191  11:27  Marauder x2, Siege Tank, Marine  
  191  11:28  Marine  
  198  11:34  Medivac x2  
  198  11:38  Marine x2  
  176  11:42  Marauder  
  176  11:43  Marine  
  176  11:44  Marauder, Siege Tank, Marine  
  178  11:48  Marauder  
  178  11:52  Command Center  
  175  11:58  Concussive Shells  
  175  11:59  Siege Tank  
  175  12:00  Marauder  
  175  12:01  Marine x5  
  179  12:03  Marauder  
  179  12:04  Medivac x2, Marine  
  179  12:05  Marauder  
  190  12:16  Siege Tank  
  193  12:24  Marauder x2  
  193  12:25  Marine x2  
  193  12:26  Marine  
  200  12:34  Command Center  
  200  12:35  Command Center  
  199  12:41  Siege Tank  
  198  12:53  Marauder  
  197  12:59  Marine  
  197  13:00  Marine x2  
  197  13:03  Marine x4  
Tags
 
Add a new tag
Caveats
  • Supply blocks, unpowered buildings, or Contaminate may cause inaccurate times.
  • Supply counts are checked every 10 seconds.